 Dungeon Crawl Stone Soup version 0.31.0-32-g396128a36d (webtiles) character file.

Game seed: 4936967124344745128

54 RKaid the Ruffian (level 3, -1/24 HPs)
             Began as an Octopode Shapeshifter on Mar 19, 2024.
             Slain by an ogre
             ... wielding a +0 giant club
              (25 damage)
             ... on level 2 of the Dungeon.
             The game lasted 00:03:44 (1513 turns).

RKaid the Ruffian (Octopode Shapeshifter)           Turns: 1513, Time: 00:03:45

Health: -1/24      AC:  1    Str: 15    XL:     3   Next: 91%
Magic:  3/3        EV: 13    Int: 12    God:
Gold:   112        SH:  5    Dex: 11    Spells: 2/2 levels left

rFire   . .          .
                       - Unarmed
rCold   . . .        (no shield)
rNeg    . . .        (helmet currently unavailable)
rPois   .            f - amulet of reflection
rElec   .            e - ring of see invisible {sInv}
rCorr   .            (no ring)
SInv    +            (no ring)
Will    .....        (no ring)
Stlth   ++           (no ring)
HPRegen 0.24/turn    (no ring)
MPRegen 0.08/turn    (no ring)
                     (no ring)

%: reflection
@: mighty, beast-form, hasted, very quick
A: beast (slay +1), almost no armour, amphibious, 8 rings, camouflage 1,
gelatinous body 1, (nimble swimmer 1), tentacles
a: Begin Untransformation


You were on level 2 of the Dungeon.
You were a hulking beast.
You visited 1 branch of the dungeon, and saw 2 of its levels.

You collected 112 gold pieces.

Inventory:

Jewellery
 e - a ring of see invisible (left tentacle) {sInv}
   (You found it on level 1 of the Dungeon)
 f - an amulet of reflection (around mantle)
   (You found it on level 1 of the Dungeon)
Talismans
 b - a beast talisman
 c - a flux talisman
Scrolls
 h - 2 scrolls of identify {unknown}
 j - a scroll of teleportation {unknown}
 k - a scroll of blinking {unknown}
 m - a scroll of silence {unknown}
Potions
 a - a potion of lignification {!q}
 d - a potion of brilliance {unknown}
 g - a potion of might
 i - a potion of curing {unknown}
 l - a potion of haste
 n - a potion of heal wounds {unknown}


   Skills:
 + Level 1.9 Fighting
 + Level 2.6 Dodging
 + Level 3.4 Unarmed Combat
 + Level 3.4 Shapeshifting


You had 2 spell levels left.
You didn't know any spells.
Your spell library contained the following spells:

 Spells                   Type           Power      Damage    Failure   Level
 Slow                     Hex            0%         N/A       32%         1
 Confusing Touch          Hex            0%         N/A       69%         3
 Sigil of Binding         Hex            0%         N/A       69%         3
 Vampiric Draining        Necr           0%         2d6       69%         3
 Anguish                  Hex/Necr       0%         N/A       97%         4
 Cause Fear               Hex            0%         N/A       97%         4
 Enfeeble                 Hex            0%         N/A       100%        7


Dungeon Overview and Level Annotations

Branches:
Dungeon (2/15)

Altars:


Innate Abilities, Weirdness & Mutations

You are a hulking beast.
Your limbs bulge with bestial killing power. (Slay +1)
You cannot wear most types of armour.
You are amphibious.
You can wear up to eight rings at the same time.
Your skin changes colour to match your surroundings (Stealth+).
Your rubbery body absorbs attacks. (AC +1, EV +1)
((You are camouflaged when in or above water. (Stealth+)))
You have tentacles for arms and can constrict up to eight enemies at once.


Message History

You kill the rat!
No target in view!
No target in view!
No target in view!
No target in view!
No target in view!
No target in view!
m - a scroll labelled YTTAILASUE You pick up a book of Debilitation and begin reading...
You add the spells Slow, Sigil of Binding, Vampiric Draining and Confusing Touch to your library.
You see here 3 atropa-tipped darts.
A kobold comes into view. It is wielding a +0 short sword.
Okay, then.
The kobold shouts!
An endoplasm comes into view.
The endoplasm jiggles.
The endoplasm misses you.
You tentacle-slap the endoplasm. The endoplasm hits you.
You barely miss the endoplasm. The kobold barely misses you.
The endoplasm freezes you.
You are frozen.
You tentacle-slap the endoplasm. The kobold closely misses you.
The endoplasm closely misses you.
You tentacle-slap the endoplasm.
You kill the endoplasm!
You block the kobold's attack.
You closely miss the kobold. Your grab misses the kobold.
You block the kobold's attack.
You tentacle-slap the kobold but do no damage.
You grab the kobold. You constrict the kobold. You block the kobold's attack.
You tentacle-slap the kobold.
You kill the kobold!
No target in view!
An endoplasm comes into view.
The endoplasm quivers.
You tentacle-slap the endoplasm. The endoplasm freezes you.
You are frozen.
You tentacle-slap the endoplasm.
You kill the endoplasm!
No target in view!
No target in view!
No target in view!
No target in view!
No target in view!
No target in view!
No target in view!
n - a dark potion You see here a +2 whip of venom.
A kobold comes into view. It is wielding a +0 short sword.
The kobold shouts!
The kobold throws a stone.
The stone barely misses you.
The kobold throws a stone.
The stone misses you.
The kobold throws a stone.
The stone closely misses you.
The kobold throws a stone.
The stone barely misses you.
The kobold hits you with a +0 short sword.
You closely miss the kobold. You grab the kobold.
You constrict the kobold, but do no damage.
The kobold hits you with a +0 short sword.
You tentacle-slap the kobold.
You kill the kobold!
No target in view!
No target in view!
No target in view!
No target in view!
No target in view!
No target in view!
No target in view!
Things that are here:
a +0 short sword; 3 stones
l - 2 bubbling cyan potions (gained 1)
You now have 112 gold pieces (gained 5).
A hobgoblin comes into view.
The helpless hobgoblin fails to defend itself.
You tentacle-slap the hobgoblin. Your grab misses the hobgoblin.
Your squeeze misses the hobgoblin. You closely miss the hobgoblin.
Your grab misses the hobgoblin. The hobgoblin completely misses you.
You tentacle-slap the hobgoblin but do no damage.
Your grab misses the hobgoblin. The hobgoblin hits you.
You tentacle-slap the hobgoblin.
You kill the hobgoblin!
No target in view!
No target in view!
No target in view!
An ogre comes into view. It is wielding a +0 giant club.
Found a stone staircase leading down.
You open the door. As you open the door, it creaks loudly!
There is an open door here.
The ogre shouts!
There is an open door here.
It was a potion of haste.
You feel yourself speed up.
It was a potion of might.
You feel very mighty all of a sudden.
You bludgeon the ogre! You bludgeon the ogre!
The ogre hits you with a +0 giant club!!
Ouch! That really hurt!
You die...

#####..............#
#.....##.#..#..# ###...##.#.)...#
#..###.>.....# #######
#.........####### #.....#
#######'#####...##....###.....#
#.<.......##.....#.####.'.....#
#...........#..###.[.####.....###
....รท...........hO..............#
##########...#.#####.#.##........
###### #.....# #.#.##........
.....#####.#.### #...###+#.....
.........#...#######'### #.#.....
.....#####.#.##.......# #.......
###### #...##.......# #....(..
##########.#.##.......# ##.....#
......................# #......


You could see an ogre.

Vanquished Creatures
  An adder (D:2)
  3 dart slugs
  3 ball pythons
  3 bats
  5 endoplasms
  2 giant cockroaches (D:1)
  4 goblins
  3 hobgoblins
  3 kobolds (D:2)
  2 quokkas
  3 frilled lizards (D:1)
  4 rats
36 creatures vanquished.

Notes
Turn   | Place    | Note
-------+----------+-------------------------------------------
     0 | D:1      | RKaid the Octopode Shapeshifter began the quest for the
                  | Orb.
     0 | D:1      | Reached XP level 1. HP: 13/13 MP: 1/1
   198 | D:1      | Reached XP level 2. HP: 18/18 MP: 2/2
   608 | D:1      | Reached XP level 3. HP: 17/23 MP: 3/3
  1466 | D:2      | Noticed an ogre
  1513 | D:2      | Slain by an ogre

Illustrated notes

Levels and vault maps discovered:
D:1:      shiori_shiawase, layout_loops_corners
D:2:      layout_basic, chequers_jeans

Action                     || total
---------------------------++-------
  Melee: Unarmed           ||    74
         Constrict         ||    19
         Punch             ||     1
         Tentacles         ||     8
    Use: Potion            ||     2
   Stab: Sleeping          ||     8
 Armour: Skin              ||    18
  Dodge: Dodged            ||    29
  Block: Other             ||     8

Table legend: (Time is in decaauts)
 A = Elapsed time spent in this place.
 B = Non-inter-level travel time spent in this place.
 C = Inter-level travel time spent in this place.
 D = Time resting spent in this place.
 E = Time spent auto-exploring this place.
 F = Levels seen in this place.
 G = Mean time per level.
                   A        B        C        D        E       F      G
               +--------+--------+--------+--------+--------+-----+--------+
         Total |   1506 |   1490 |     16 |     79 |   1140 |   2 |  753.0 |
       Dungeon |   1506 |   1490 |     16 |     79 |   1140 |   2 |  753.0 |
               +--------+--------+--------+--------+--------+-----+--------+

Top non-repeatable levels by time:
     D:1: 928 daAuts
     D:2: 578 daAuts

Table legend:
 A = Kills in this place as a percentage of kills in the entire game.
 B = Kills by you in this place as a percentage of kills by you in the entire game.
 C = Kills by friends in this place as a percentage of kills by friends in the entire game.
 D = Other kills in this place as a percentage of other kills in the entire game.
 E = Experience gained in this place as a percentage of experience gained in the entire game.
 F = Experience gained in this place divided by the number of levels of this place that you have seen.
                   A       B       C       D       E      F
               +-------+-------+-------+-------+-------+----------------------
         Total | 100.0 | 100.0 |   N/A |   N/A | 100.0 |  39.0
       Dungeon | 100.0 | 100.0 |   N/A |   N/A | 100.0 |  39.0
               +-------+-------+-------+-------+-------+----------------------
